 Dungeon Crawl Stone Soup version 0.28-a0-612-gcfc00ec14d (webtiles) character file.

Game seed: 9756840466145160275

480 kae the Cleaver (level 7, -4/63 HPs)
             Began as a Hill Orc Fighter on Oct 5, 2021.
             Slain by a gnoll (10 damage)
             ... on level 5 of the Dungeon.
             The game lasted 00:02:34 (4315 turns).

kae the Cleaver (Hill Orc Fighter)                  Turns: 4315, Time: 00:02:35

Health: -4/63      AC:  6    Str: 21    XL:     7   Next: 11%
Magic:  7/7        EV:  9    Int:  8    God:
Gold:   226        SH:  4    Dex: 10    Spells: 6/6 levels left

rFire   . . .      SeeInvis .   a - +0 war axe
rCold   . . .      Faith    .   c - +0 buckler
rNeg    . . .      Spirit   .   b - +0 scale mail
rPois   .          Reflect  .   (no helmet)
rElec   .          Harm     .   (no cloak)
rCorr   .          Rampage  .   (no gloves)
Will    .....                   (no boots)
Stlth   ..........              (no amulet)
HPRegen 0.20/turn               (no ring)
MPRegen 0.10/turn               (no ring)

@: about to teleport
A: no striking features
a: no special abilities


You were on level 5 of the Dungeon.
You visited 1 branch of the dungeon, and saw 5 of its levels.

You collected 226 gold pieces.

Inventory:

Hand Weapons
 a - a +0 war axe (weapon)
Armour
 b - a +0 scale mail (worn)
 c - a +0 buckler (worn)
Jewellery
 g - a ring of see invisible
Wands
 f - a wand of charming (1)
 h - a wand of polymorph (8)
 i - a wand of flame (16)
Scrolls
 e - 3 scrolls of identify
Potions
 d - a potion of might


   Skills:
 + Level 6.1 Fighting
 * Level 8.2 Axes
 - Level 3.2 Armour
 - Level 3.2 Shields


You had 6 spell levels left.
You didn't know any spells.
Your spell library contained the following spells:

 Spells                   Type           Power      Damage    Failure   Level
 Ozocubu's Armour         Ice            0%         N/A       98%         3
 Animate Dead             Necr           0%         N/A       100%        4
 Haunt                    Necr/Summ      0%         N/A       100%        7
 Ozocubu's Refrigeration  Ice            0%         4d5       100%        7
 Infestation              Necr           0%         N/A       100%        8


Dungeon Overview and Level Annotations

Branches:
Dungeon (5/15)             Temple (0/1) D:4

Altars:
Ashenzari
Wu Jian


Message History

The gnoll throws a stone.
The stone hits you. The gnoll hits you with a +0 whip.
You block the gnoll's attack.
There are monsters nearby!
You completely miss the gnoll.
The gnoll is moderately wounded.
The gnoll hits you with a +0 whip.
The gnoll hits you from afar with a +0 spear.
You slash the gnoll!
You kill the gnoll!
The gnoll hits you from afar with a +0 spear.
The gnoll hits you from afar with a +0 halberd!
You are too injured to fight recklessly!
You are too injured to fight recklessly!
You are too injured to fight recklessly!
You are too injured to fight recklessly!
You are too injured to fight recklessly!
You are too injured to fight recklessly!
The gnoll hits you with a +0 spear. The gnoll hits you with a +0 halberd!
You hit the gnoll.
The gnoll is lightly wounded.
You hit the gnoll. The gnoll hits you with a +0 spear.
The gnoll hits you with a +0 halberd!
* * * LOW HITPOINT WARNING * * *
You hit the gnoll.
The gnoll is heavily wounded.
You hit the gnoll. The gnoll hits you with a +0 spear.
* * * LOW HITPOINT WARNING * * *
The gnoll hits you with a +0 halberd!
* * * LOW HITPOINT WARNING * * *
It was a potion of curing.
You feel better. The gnoll barely misses you.
The gnoll hits you with a +0 halberd.
* * * LOW HITPOINT WARNING * * *
Okay, then.
As you read the scroll labelled NUTOYC TULOCAE, it crumbles to dust.
You feel strangely unstable.
It was a scroll of teleportation.
The gnoll barely misses you. You block the gnoll's attack.
The gnoll hits you from afar with a +0 spear.
* * * LOW HITPOINT WARNING * * *
The gnoll hits you from afar with a +0 halberd!
You die...

...?.#...#.#.# # ..
.#####.. ..#..#..#######.
..... .....#.. (###.##>..#
... ..... ........ #.....
#.###.......##.....
#.....##.##.........#.....
............#............
......g....# .......###..
##g.)..##.......###..
#..)@.........##..#..
#.............##.....
#........###.###.....
####.....#.........#.
#...#......#....##
##.....#...###..##
###...###..#...# #...#
#.....## ##### ###...#


You could see 2 gnolls.

Vanquished Creatures
  A phantom (D:4)
  2 howler monkeys (D:5)
  An orc priest (D:3)
  A bullfrog skeleton (D:5)
  Ijyb (D:3)
  An iguana (D:4)
  2 orc wizards (D:3)
  4 adders
  2 gnolls (D:5)
  An ufetubus (D:5)
  2 worms
  3 dart slugs
  5 orcs
  6 bats
  13 endoplasms
  4 giant cockroaches
  10 hobgoblins
  A quokka (D:1)
  8 ball pythons
  3 frilled lizards
  10 goblins
  A jackal skeleton (D:4)
  7 kobolds
  5 rats
94 creatures vanquished.

Notes
Turn   | Place    | Note
-------+----------+-------------------------------------------
     0 | D:1      | kae the Hill Orc Fighter began the quest for the Orb.
     0 | D:1      | Reached XP level 1. HP: 19/19 MP: 1/1
   107 | D:1      | Reached skill level 3 in Axes
   187 | D:1      | Reached XP level 2. HP: 12/27 MP: 2/2
   757 | D:1      | Reached skill level 4 in Axes
   874 | D:1      | Reached XP level 3. HP: 33/33 MP: 3/3
  1159 | D:1      | Found a faded altar of an unknown god.
  1625 | D:2      | Reached XP level 4. HP: 41/41 MP: 4/4
  1787 | D:2      | Reached skill level 5 in Axes
  2630 | D:3      | Noticed Ijyb
  2642 | D:3      | Killed Ijyb
  2643 | D:3      | Reached XP level 5. HP: 40/47 MP: 5/5
  2802 | D:3      | Reached skill level 6 in Axes
  2812 | D:3      | Reached skill level 5 in Fighting
  3122 | D:4      | Found a staircase to the Ecumenical Temple.
  3144 | D:4      | Reached XP level 6. HP: 52/56 MP: 6/6
  3226 | D:4      | Found a broken altar of Ashenzari.
  3450 | D:4      | Found an ornate altar of the Wu Jian Council.
  3507 | D:4      | Reached skill level 7 in Axes
  3801 | D:5      | Entered Level 5 of the Dungeon
  4239 | D:5      | Reached skill level 8 in Axes
  4239 | D:5      | Reached XP level 7. HP: 59/63 MP: 7/7
  4312 | D:5      | HP: 1/63 [gnoll (7)]
  4315 | D:5      | Slain by a gnoll

Illustrated notes

Levels and vault maps discovered:
D:1:      elethiomel_arrival_fortress_basement, layout_basic,
          shapermc_ecumenical_altar_notcrosses, minmay_misc_feat_diagonals
D:2:      cheibrodos_greedy_goblins, layout_basic, minmay_curled_crystal
D:3:      layout_loops_cross, serial_park_tiny_pond, st_stairs_5,
          serial_park_tiny_pond, serial_park_tiny_1, uniq_ijyb
D:4:      layout_basic, nicolae_ashenzari_panopticon,
          nicolae_wu_jian_wuxing_cycle, minmay_temple_entry_slanted,
          st_stairs_5, minmay_misc_feat_pillars
D:5:      minmay_chambers_of_fours, layout_cave_pools,
          mainiacjoe_overflow_six_doors_small

Skill      XL: |  1  2  3  4  5  6 |
---------------+-------------------+-----
Axes           | 3 4 5 6 8 |  8.2
Fighting       | 4 5 6 |  6.1
Armour         | |  3.2
Shields        | |  3.2

Action                   |  1- 3 |  4- 6 |  7- 9 || total
-------------------------+-------+-------+-------++-------
Melee: War axe           |   101 |   166 |     8 ||   275
  Use: Scroll            |       |     3 |     1 ||     4
       Potion            |       |       |     1 ||     1
Armor: Scale mail        |    43 |    57 |     2 ||   102
Dodge: Dodged            |    48 |    68 |     3 ||   119
Block: Buckler           |    17 |    30 |     2 ||    49

Table legend: (Time is in decaauts)
 A = Elapsed time spent in this place.
 B = Non-inter-level travel time spent in this place.
 C = Inter-level travel time spent in this place.
 D = Time resting spent in this place.
 E = Time spent auto-exploring this place.
 F = Levels seen in this place.
 G = Mean time per level.
                   A        B        C        D        E       F      G
               +--------+--------+--------+--------+--------+-----+--------+
         Total |   4382 |   4223 |    159 |      0 |   3563 |   5 |  876.4 |
       Dungeon |   4382 |   4223 |    159 |      0 |   3563 |   5 |  876.4 |
               +--------+--------+--------+--------+--------+-----+--------+

Top non-repeatable levels by time:
     D:1: 1289 daAuts
     D:3: 948 daAuts
     D:2: 934 daAuts
     D:4: 925 daAuts
     D:5: 284 daAuts
